 Dungeon Crawl Stone Soup version 0.21.0-37-g46506fa (webtiles) character file.

11 tidbits the Charmwright (level 2, 7/26 HPs)
             Began as a Gnoll Skald on Feb 1, 2018.
             Quit the game on level 3 of the Dungeon.
             The game lasted 00:01:13 (86 turns).

tidbits the Charmwright (Gnoll Skald)                 Turns: 86, Time: 00:01:14

Health: 7/26       AC:  3    Str: 13    XL:     2   Next: 25%
Magic:  2/7        EV: 14    Int: 15    God:
Gold:   0          SH:  0    Dex: 14    Spells: 5/10 levels left

rFire    . . .     SeeInvis .   a - +0 hand axe
rCold    . . .     Gourm    .   (no shield)
rNeg     . . .     Faith    .   b - +0 leather armour
rPois    .         Spirit   .   (no helmet)
rElec    .         Reflect  .   (no cloak)
rCorr    .         Harm     .   (no gloves)
MR       .....                  (no boots)
Stlth    +.........             (no amulet)
HPRegen  0.08/turn              (no ring)
MPRegen  0.10/turn              (no ring)

@: lethally poisoned (7 -> -6), very slightly contaminated
A: distributed training, fangs 1, strong nose
a: no special abilities


You were on level 3 of the Dungeon.
You were not hungry.

You visited 1 branch of the dungeon, and saw 3 of its levels.

Inventory:

Hand Weapons
 a - a +0 hand axe (weapon)
 e - a +0 short sword
Armour
 b - a +0 leather armour (worn)
Scrolls
 f - a scroll of magic mapping {unknown}
Books
 c - a book of Battle

   Spells                             Type                      Level
   a - Infusion                       Charms                       1
   b - Shroud of Golubria             Charms/Translocation         2
   c - Song of Slaying                Charms                       2
   d - Spectral Weapon                Hexes/Charms                 3
   e - Regeneration                   Charms/Necromancy            3
Comestibles
 d - a ration


   Skills:
 + Level 4.4 Fighting
 + Level 0.3 Short Blades
 + Level 0.3 Long Blades
 + Level 4.4 Axes
 + Level 0.3 Maces & Flails
 + Level 0.3 Polearms
 + Level 0.3 Staves
 + Level 0.3 Slings
 + Level 0.3 Bows
 + Level 0.3 Crossbows
 + Level 0.3 Throwing
 + Level 2.4 Armour
 + Level 4.4 Dodging
 + Level 0.3 Stealth
 + Level 0.3 Shields
 + Level 0.3 Unarmed Combat
 + Level 4.9 Spellcasting
 + Level 0.2 Conjurations
 + Level 0.2 Hexes
 + Level 5.3 Charms
 + Level 0.2 Summonings
 + Level 0.2 Necromancy
 + Level 0.2 Translocations
 + Level 0.2 Transmutations
 + Level 0.2 Fire Magic
 + Level 0.2 Ice Magic
 + Level 0.2 Air Magic
 + Level 0.2 Earth Magic
 + Level 0.2 Poison Magic
 + Level 0.4 Invocations
 + Level 0.3 Evocations


You had 5 spell levels left.
You knew the following spells:

 Your Spells              Type           Power        Failure   Level  Hunger
g - Shroud of Golubria    Chrm/Tloc      ##........   10%         2    ##.....
i - Infusion              Chrm           ###.         2%          1    None
y - Song of Slaying       Chrm           ###.....     3%          2    ##.....


Dungeon Overview and Level Annotations

Branches:
Dungeon (3/15)

Altars:


Innate Abilities, Weirdness & Mutations

Your experience applies equally to all skills.
You have very sharp teeth.
Your uncanny sense of smell can sniff out nearby items.


Message History

The giant cockroach is almost dead.
The giant cockroach barely misses you.
You hit the giant cockroach but do no damage.
The giant cockroach is almost dead.
The giant cockroach bites you. The giant cockroach misses you.
You hit the giant cockroach.
You kill the giant cockroach!
You see here a worm corpse.
Memorise Shroud of Golubria, consuming 2 spell levels and leaving 7?
You start memorising the spell.
You continue memorising. x2
You finish memorising.
Spell assigned to 'g'.
Memorise Song of Slaying, consuming 2 spell levels and leaving 5?
You start memorising the spell.
You continue memorising. x2
HP restored.
You finish memorising.
Spell assigned to 'y'.
Your magical infusion is running out.
You see here 14 bolts.
A bat comes into view.
You are no longer magically infusing your attacks.
A leopard gecko comes into view.
The bat closely misses you.
The leopard gecko hisses angrily.
Unknown command.
You barely miss the leopard gecko. The bat barely misses you.
The leopard gecko closely misses you. The bat hits you but does no damage.
The leopard gecko misses you.
Casting: Infusion
Confirm with . or Enter, or press ? or * to list all spells.
You miscast Shroud of Golubria.
You are very lightly contaminated with residual magic.
You catch a glimpse of the back of your own head.
The bat misses you. The leopard gecko closely misses you.
Casting: Shroud of Golubria
Confirm with . or Enter, or press ? or * to list all spells.
You don't have enough magic to cast that spell.
The bat hits you but does no damage.
The leopard gecko bites you but does no damage.
The bat hits you but does no damage.
A kobold comes into view. It is wielding a short sword.
The kobold shouts!
The bat misses you. The bat hits you.
The kobold unwields an uncursed short sword.
The kobold wields a blowgun.
The kobold shoots a poisoned needle.
The poisoned needle closely misses you.
You see here a poisoned needle.
An adder comes into view.
The bat misses you.
The adder hisses angrily.
The bat hits you.
The kobold shoots a poisoned needle.
The poisoned needle hits you!
You are poisoned.
You see here a poisoned needle.
You aren't carrying any potions.
Unknown command.
Okay, then.
Unknown command.
You feel sick. The bat barely misses you.
You feel sick. The bat hits you but does no damage.
You hit the bat.
You kill the bat!
You hit the kobold.
You feel sick.
The kobold unwields an uncursed blowgun.
The kobold wields an uncursed short sword.
The kobold hits you with an uncursed short sword.
Unknown command.
You hit the kobold.
You kill the kobold!
You feel sick. The adder closely misses you.
The leopard gecko bites you but does no damage.
You aren't carrying any potions.
Unknown command.
You hit the adder. Your bite misses the adder.
The adder is heavily wounded.
You hit the leopard gecko but do no damage.
The adder bites you.
You are more poisoned.
The adder poisons you! The leopard gecko closely misses you.
You closely miss the adder.
The adder is heavily wounded.
You hit the leopard gecko.
* * * LOW HITPOINT WARNING * * *
You feel sick. The adder barely misses you.
The leopard gecko closely misses you. The adder misses you.
You barely miss the adder. Your bite misses the adder.
The adder is heavily wounded.
You hit the leopard gecko.
You feel sick. The leopard gecko barely misses you. The adder bites you.
* * * LOW HITPOINT WARNING * * *
You are more poisoned.
The adder poisons you! The leopard gecko closely misses you.
You hit the adder.
The adder is almost dead.
You hit the leopard gecko but do no damage.
* * * LOW HITPOINT WARNING * * *
You feel sick. The adder closely misses you.
The leopard gecko barely misses you. The adder closely misses you.
Unknown command.
You aren't carrying any potions.
Unknown command.
Are you sure you want to abandon this character and quit the game? (Confirm with "yes".)

######### #.......#
####### #<# #.....# #[#
#.##########.....# #.#
#....S@l(w(......#
#####.#
#.##########.....#
#.....#####.# #.....#
#.###.......# ###.###
.......###### #.#
#..w......# #.#
..####.##.#
###########w# #
###.##.####......w....#
#...........####†.#####


You could see a worm, an adder and a leopard gecko.

Vanquished Creatures
  A worm (D:3)
  An orc (D:3)
  2 bats
  A giant cockroach (D:3)
  A kobold (D:3)
  A rat (D:3)
7 creatures vanquished.

Notes
Turn   | Place    | Note
-------+----------+-------------------------------------------
     0 | D:1      | tidbits the Gnoll Skald began the quest for the Orb.
     0 | D:1      | Reached XP level 1. HP: 20/20 MP: 6/6
    50 | D:3      | Reached XP level 2. HP: 26/26 MP: 1/7
    59 | D:3      | Learned a level 2 spell: Shroud of Golubria
    62 | D:3      | Learned a level 2 spell: Song of Slaying
    86 | D:3      | Quit the game

Action                   || total
-------------------------++-------
Melee: Hand axe          ||    19
       Bite              ||     2
 Cast: Infusion          ||     2
 Stab: Sleeping          ||     1
Armor: Leather armour    ||     7
Dodge: Dodged            ||    29

Table legend:
 A = Turns spent in this place as a percentage of turns spent in the entire game.
 B = Non-inter-level travel turns spent in this place as a percentage of non-inter-level travel turns spent in the entire game.
 C = Inter-level travel turns spent in this place as a percentage of turns spent in this place.
 D = Turns resting spent in this place as a percentage of non-inter-level travel turns spent in this place.
 E = Turns spent auto-exploring this place as a percentage of non-inter-level travel turns spent in this place.
 F = Non-inter-level travel turns spent in this place divided by the number of levels of this place that you've seen.
                   A       B       C       D       E      F
               +-------+-------+-------+-------+-------+----------------------
         Total | 100.0 | 100.0 |   0.0 |   0.0 |   0.0 |  28.7
       Dungeon | 100.0 | 100.0 |   0.0 |   0.0 |   0.0 |  28.7
               +-------+-------+-------+-------+-------+----------------------

Table legend:
 A = Kills in this place as a percentage of kills in entire the game.
 B = Kills by you in this place as a percentage of kills by you in the entire game.
 C = Kills by friends in this place as a percentage of kills by friends in the entire game.
 D = Other kills in this place as a percentage of other kills in the entire game.
 E = Experience gained in this place as a percentage of experience gained in the entire game.
 F = Experience gained in this place divided by the number of levels of this place that you have seen.
                   A       B       C       D       E      F
               +-------+-------+-------+-------+-------+----------------------
         Total | 100.0 | 100.0 |   N/A |   N/A | 100.0 |   5.3
       Dungeon | 100.0 | 100.0 |   N/A |   N/A | 100.0 |   5.3
               +-------+-------+-------+-------+-------+----------------------

Vault maps used:
D:1:      dpeg_arrival_fog, minmay_pentomino_w2
D:2:      chequers_ecumenical_altar_simple_redux, first_ration, uniq_robin
D:3:      minmay_door_path, gammafunk_temple_overflow_claw, marbit_many_paths,
          goddamned_bats, uniq_jessica
